 Dungeon Crawl Stone Soup version 0.29.0 (webtiles) character file.

Game seed: 8418904467991849489

16397 Dorkslayer the Cleaver (level 12, -11/110 HPs)
             Began as a Hill Orc Fighter on Sept 10, 2022.
             Was an Initiate of Gozag.
             Mangled by a white ugly thing (13 damage)
             ... on level 12 of the Dungeon.
             The game lasted 00:42:05 (13675 turns).

Dorkslayer the Cleaver (Hill Orc Fighter)          Turns: 13675, Time: 00:42:06

Health: -11/110    AC: 23    Str: 22    XL:     12   Next: 37%
Magic:  0/12       EV:  8    Int:  8    God:    Gozag
Gold:   620        SH:  5    Dex: 12    Spells: 11/11 levels left

rFire   . . .      SeeInvis .   y - +10 hand axe (freeze)
rCold   . . .      Faith    .   c - +0 buckler
rNeg    . . .      Spirit   +   e - +3 plate armour
rPois   .          Reflect  .   D - +0 helmet
rElec   .          Harm     .   (no cloak)
rCorr   .          Rampage  .   M - +0 pair of gloves
Will    +....                   r - +1 pair of boots {Fly}
Stlth   ..........              q - amulet of guardian spirit
HPRegen 0.28/turn               i - ring of willpower
MPRegen 0.13/turn               (no ring)

@: flying, studying Evocations
A: no striking features
a: Renounce Religion, Potion Petition, Call Merchant, Bribe Branch


You were on level 12 of the Dungeon.
You worshipped Gozag.
Gozag was pleased with you.
You visited 2 branches of the dungeon, and saw 13 of its levels.
You visited 1 bazaar.
You also visited: Sewer and Ossuary.

You collected 1825 gold pieces.
You spent 1086 gold pieces at shops.
You paid 119 gold pieces to Gozag.

Inventory:

Hand Weapons
 a - a +1 war axe
 m - a +0 war axe
 s - a +2 short sword of flaming
 y - a +10 hand axe of freezing (weapon)
Missiles
 b - 11 boomerangs (quivered)
 x - 46 poisoned darts
 E - 9 datura-tipped darts
 I - 3 silver javelins
 K - 9 throwing nets
Armour
 c - a +0 buckler (worn)
 e - a +3 plate armour (worn)
 r - a +1 pair of boots of flying (worn)
 D - a +0 helmet (worn)
 M - a +0 pair of gloves (worn)
Jewellery
 i - a ring of willpower (left hand)
 q - an amulet of guardian spirit (around neck)
Wands
 n - a wand of paralysis (22)
 o - a wand of iceblast (8)
 z - a wand of polymorph (7)
 G - a wand of digging (6)
Scrolls
 h - a scroll of fog
 j - 2 scrolls of teleportation
 l - 5 scrolls of enchant armour
 p - 4 scrolls of poison
 v - 2 scrolls of fear
 w - a scroll of blinking
 B - 3 scrolls of enchant weapon
 F - 2 scrolls of amnesia
Potions
 f - 2 potions of magic
 g - 9 potions of curing
 k - 2 potions of brilliance
 u - a potion of resistance
 A - a potion of mutation
 C - 5 potions of flight
 J - 2 potions of cancellation


   Skills:
 * Level 11.5 Fighting
 + Level 13.4 Axes
 + Level 1.3 Throwing
 + Level 10.2 Armour
 + Level 6.0 Dodging
 + Level 3.1 Stealth
 + Level 5.9 Shields
 * Level 7.7 Evocations


You had 11 spell levels left.
You didn't know any spells.
Your spell library contained the following spells:

 Spells                   Type           Power      Damage    Failure   Level
 Magic Dart               Conj           0%         1d3       100%        1
 Sting                    Tmut/Pois      0%         1d3       100%        1
 Call Imp                 Summ           0%         N/A       100%        2
 Poisonous Vapours        Pois/Air       0%         N/A       100%        2
 Gell's Gravitas          Tloc           0%         N/A       100%        3
 Ignite Poison            Fire/Tmut/Pois 0%         N/A       100%        3
 Lesser Beckoning         Tloc           0%         N/A       100%        3
 Mephitic Cloud           Conj/Pois/Air  0%         N/A       100%        3
 Teleport Other           Tloc           0%         N/A       100%        3
 Animate Armour           Summ/Erth      0%         N/A       100%        4
 Olgreb's Toxic Radiance  Pois           0%         N/A       100%        4
 Blade Hands              Tmut           0%         N/A       100%        5
 Freezing Cloud           Conj/Ice/Air   0%         6-21      100%        5
 Iron Shot                Conj/Erth      0%         9d1       100%        6


Dungeon Overview and Level Annotations

Branches:
Dungeon (12/15)            Temple (1/1) D:7            Lair (0/5) D:9
    Orc (0/2) D:9           Sewer (visited)         Ossuary (visited)

Altars:
Ashenzari
Dithmenos
Elyvilon
Fedhas
Gozag
Hepliaklqana
Kikubaaqudgha
Makhleb
Okawaru
Qazlal
Sif Muna
Trog
Vehumet
Xom
Yredelemnul
Beogh

Shops:
D:5 :   D:6 *   D:10 *


Message History

The white ugly thing gurgles horribly!
The cyclops moves out of view.
The white ugly thing stings you. The white ugly thing freezes you!!
You slash the white ugly thing! You freeze the white ugly thing.
The white ugly thing is moderately wounded.
You barely miss the white ugly thing.
The white ugly thing is moderately wounded.
The white ugly thing stings you but does no damage.
You closely miss the white ugly thing.
The white ugly thing is moderately wounded.
The white ugly thing completely misses you.
You hit the white ugly thing.
The white ugly thing is moderately wounded.
You slash the white ugly thing! You freeze the white ugly thing.
The white ugly thing is heavily wounded.
The white ugly thing stings you. The white ugly thing freezes you!!
* * * LOW HITPOINT WARNING * * *
You slash the white ugly thing!
The white ugly thing is severely wounded.
The white ugly thing closely misses you.
You slash the white ugly thing!
The white ugly thing is almost dead.
You hit the white ugly thing.
The white ugly thing is almost dead.
The white ugly thing stings you.
* * * LOW HITPOINT WARNING * * *
The white ugly thing freezes you!!
* * * LOW HITPOINT WARNING * * *
You closely miss the white ugly thing.
The white ugly thing is almost dead.
The white ugly thing stings you but does no damage.
You closely miss the white ugly thing.
The white ugly thing is almost dead.
You hit the white ugly thing but do no damage.
The white ugly thing is almost dead.
The white ugly thing stings you!
* * * LOW HITPOINT WARNING * * *
The white ugly thing freezes you!
You die...
Your body crumbles into a pile of gold.

...#........###**,,,,**,*
.[...#..##.....*******,,*
.#..##......#..**,,,,,,**
#......#....#.,,,,******
##.########.#.##*** #..*
*,....## ##,* ****,.*..#
* *,* **,,,,**#u#
***,****,,,,,* #@#
,,,,,,,,,,,,,* #.#
**,,,********* #.# ***,,*
#.# *,,* #.# *,,* ###
**,* ***


You could see a white ugly thing.

Vanquished Creatures
  Fannar (D:10)
  A boulder beetle (D:8)
  4 two-headed ogres
  A centaur warrior (D:9)
  A tengu warrior (D:9)
  A skeletal warrior (D:9)
  Pikel (D:5)
  A deep elf pyromancer (D:11)
  A cyclops (D:11)
  A manticore (D:9)
  An unseen horror (D:10)
  A komodo dragon (shapeshifter) (D:9)
  A kobold demonologist (D:9)
  5 trolls
  4 hornets
  A wyvern (D:8)
  2 wraiths
  11 yaks
  A steam dragon (D:7)
  A vampire mosquito (D:9)
  The ghost of Dorkslayer the Ducker, an amateur OpFi (D:3)
  Pargi (Sewer)
  2 sky beasts
  3 orc warriors
  A black bear (D:6)
  An ice beast (D:6)
  2 wolves
  2 centaurs
  2 lemures (D:5)
  2 phantoms
  4 bullfrogs
  4 gnoll sergeants
  A scorpion (D:6)
  3 kobold brigands
  5 killer bees (D:8)
  An electric eel (D:9)
  2 howler monkeys
  2 jellies
  6 lava snakes (D:11)
  2 human zombies (Ossuary)
  17 hounds
  10 orc priests
  3 gnoll boudas
  Jessica (D:3)
  11 orc wizards
  2 iguanas
  5 mummies (Ossuary)
  27 gnolls
  14 adders
  3 river rats (D:6)
  3 ufetubi
  3 worms
  5 dart slugs
  46 orcs
  7 bats
  9 endoplasms
  13 giant cockroaches
  3 goblins
  5 hobgoblins
  6 jackals
  6 quokkas
  9 ball pythons
  10 frilled lizards
  A gnoll zombie (Ossuary)
  2 goblin zombies (Ossuary)
  A hobgoblin zombie (Ossuary)
  22 kobolds
  2 kobold zombies (Ossuary)
  10 rats
344 creatures vanquished.

Vanquished Creatures (others)
  An orc wizard (D:8)
  3 orcs
4 creatures vanquished.

Grand Total: 348 creatures vanquished

Notes
Turn   | Place    | Note
-------+----------+-------------------------------------------
     0 | D:1      | Dorkslayer the Hill Orc Fighter began the quest for the
                  | Orb.
     0 | D:1      | Reached XP level 1. HP: 19/19 MP: 1/1
     1 | D:1      | Found a runed translucent door.
    25 | D:1      | Reached XP level 2. HP: 22/27 MP: 2/2
    97 | D:1      | Reached skill level 3 in Axes
   349 | D:1      | Reached XP level 3. HP: 33/33 MP: 3/3
   441 | D:1      | Found a faded altar of an unknown god.
  1064 | D:2      | Reached skill level 4 in Axes
  1264 | D:2      | Reached XP level 4. HP: 40/40 MP: 4/4
  1468 | D:2      | Found a shimmering blue altar of Sif Muna.
  2060 | D:2      | Reached skill level 1 in Dodging
  2298 | D:3      | Reached XP level 5. HP: 47/47 MP: 5/5
  2487 | D:3      | Reached skill level 5 in Axes
  2785 | D:3      | Reached XP level 6. HP: 53/53 MP: 6/6
  2916 | D:3      | Found a runed translucent gate.
  2916 | D:3      | Noticed Dorkslayer's ghost (amateur OpFi)
  2917 | D:3      | Found a runed translucent gate.
  2918 | D:3      | Found a runed translucent gate.
  2924 | D:3      | Found a roughly hewn altar of Beogh.
  2957 | D:3      | Noticed Jessica
  2967 | D:3      | Killed Jessica
  3023 | D:3      | Killed Dorkslayer's ghost
  3024 | D:3      | Reached skill level 5 in Fighting
  3024 | D:3      | Reached skill level 6 in Axes
  3468 | D:4      | Reached XP level 7. HP: 37/61 MP: 5/7
  4172 | D:4      | Reached skill level 7 in Axes
  4977 | D:5      | Entered Level 5 of the Dungeon
  5011 | D:5      | Found Xiytzatu's Book Boutique.
  5068 | D:5      | Reached skill level 5 in Armour
  5166 | D:5      | Reached XP level 8. HP: 70/70 MP: 8/8
  5338 | D:5      | Noticed Pikel
  5368 | D:5      | Killed Pikel
  5369 | D:5      | Reached skill level 8 in Axes
  5763 | D:6      | Found Ydiq's Assorted Antiques.
  5768 | D:6      | Bought a scroll labelled WAUSIV PUUWUR for 21 gold pieces
  5793 | D:6      | Reached XP level 9. HP: 71/79 MP: 9/9
  5799 | D:6      | Found a glowing drain.
  5802 | D:6      | Reached skill level 9 in Axes
  5816 | Sewer    | Entered a sewer
  5895 | Sewer    | Noticed Pargi
  5905 | Sewer    | Killed Pargi
  5906 | Sewer    | Reached skill level 1 in Evocations
  6004 | D:6      | Found a sand-covered staircase.
  6013 | Ossuary  | Entered an ossuary
  6754 | D:7      | Found a bloodstained altar of Trog.
  6760 | D:7      | Found a shimmering altar of Xom.
  7009 | D:7      | Reached skill level 10 in Axes
  7473 | D:7      | Noticed a hornet
  7479 | D:7      | Paralysed by a hornet for 3 turns
  7485 | D:7      | Paralysed by a hornet for 3 turns
  7502 | D:7      | Killed a hornet
  7876 | D:7      | Found an iron altar of Okawaru.
  8003 | D:7      | Found a staircase to the Ecumenical Temple.
  8009 | Temple   | Entered the Ecumenical Temple
  8113 | Temple   | Became a worshipper of Gozag Ym Sagoz the Greedy
  8401 | D:8      | Reached skill level 1 in Stealth
  8401 | D:8      | Reached XP level 10. HP: 88/89 MP: 10/10
  8549 | D:8      | Noticed a boulder beetle
  8573 | D:8      | Reached skill level 5 in Dodging
  8894 | D:8      | Killed a boulder beetle
  9146 | D:9      | Reached skill level 11 in Axes
  9350 | D:9      | Noticed a centaur warrior
  9358 | D:9      | Killed a centaur warrior
  9359 | D:9      | Reached skill level 5 in Shields
  9361 | D:9      | HP: 1/91 [yak (8)]
  9752 | D:9      | Noticed a skeletal warrior
  9773 | D:9      | Killed a skeletal warrior
  9774 | D:9      | Reached skill level 1 in Throwing
 10046 | D:9      | Found a staircase to the Orcish Mines.
 10074 | D:9      | Noticed a kobold demonologist
 10081 | D:9      | Killed a kobold demonologist
 10082 | D:9      | Reached XP level 11. HP: 97/97 MP: 11/11
 10095 | D:9      | Found a staircase to the Lair.
 10287 | D:9      | Noticed a manticore
 10306 | D:9      | Killed a manticore
 10622 | D:9      | Reached skill level 5 in Evocations
 10807 | D:6      | Bought a scroll of enchant armour for 157 gold pieces
 10807 | D:6      | Bought a scroll of identify for 42 gold pieces
 10807 | D:6      | Bought a scroll of identify for 42 gold pieces
 10808 | D:6      | Identified a scroll of acquirement
 10809 | D:6      | Acquired a manual of Evocations
 10891 | D:10     | Entered Level 10 of the Dungeon
 10916 | D:10     | Reached skill level 12 in Axes
 10932 | D:10     | Reached skill level 10 in Fighting
 11186 | D:9      | Noticed a tengu warrior
 11203 | D:9      | Killed a tengu warrior
 11435 | D:10     | Found a shimmering blue altar of Sif Muna.
 11443 | D:10     | Found a shadowy altar of Dithmenos.
 11444 | D:10     | Found a white marble altar of Elyvilon.
 11451 | D:10     | Found a basalt altar of Yredelemnul.
 11481 | D:10     | Found Pukim's Assorted Antiques.
 11526 | D:10     | Bought a scroll of identify for 58 gold pieces
 11526 | D:10     | Bought a lumpy yellow potion for 26 gold pieces
 11526 | D:10     | Bought a scroll labelled YLOSEA FOL MAR for 29 gold pieces
 11526 | D:10     | Bought a potion of curing for 87 gold pieces
 11611 | D:10     | Noticed Fannar
 11630 | D:10     | Killed Fannar
 11962 | D:11     | Noticed a six-headed hydra
 12378 | D:11     | Noticed a two-headed ogre
 12388 | D:11     | Killed a two-headed ogre
 12389 | D:11     | Reached XP level 12. HP: 63/110 MP: 4/12
 12697 | D:11     | Reached skill level 13 in Axes
 12736 | D:11     | Noticed a two-headed ogre
 12746 | D:11     | Noticed a two-headed ogre
 12747 | D:11     | Killed a two-headed ogre
 12758 | D:11     | Killed a two-headed ogre
 12759 | D:11     | Reached skill level 10 in Armour
 13405 | D:12     | Found a flickering gateway to a bazaar.
 13411 | Bazaar   | Entered a bazaar
 13425 | Bazaar   | Found Goemeg's Antique Armour Shoppe.
 13447 | Bazaar   | Found Zasuruva's Weapon Shoppe.
 13464 | Bazaar   | Found Ogitiadep's Magic Scroll Shoppe.
 13516 | Bazaar   | Bought a shiny plate armour for 624 gold pieces
 13615 | D:12     | Noticed a two-headed ogre
 13623 | D:12     | Killed a two-headed ogre
 13675 | D:12     | HP: 2/110 [white ugly thing (6)]
 13675 | D:12     | Mangled by a white ugly thing

Illustrated notes

Levels and vault maps discovered:
D:1:      dpeg_arrival_caged_fury, layout_basic,
          hellmonk_ecumenical_altar_inner_sanctum, minmay_splitting_lines
D:2:      minmay_door_path, layout_basic, basic_altar
D:3:      layout_basic, biasface_ghost_orc_armoury, solitary_fountain,
          minmay_tree_intersection, kennysheep_nondescript, uniq_jessica
D:4:      layout_layer_cave, kennysheep_generic_room_6
D:5:      layout_loops_cross, nicolae_inconvenience_store, st_stairs_1,
          uniq_pikel
D:6:      layout_loops_cross, serial_shops, nicolae_shop_waterfront,
          nicolae_ossuary_entry_monument, portal_sewer_entry_a
D:7:      layout_basic, okawaru_ov_weapons_minmay, grunt_temple_overflow_open,
          minmay_temple_entry_hall
D:8:      layout_basic
D:9:      minmay_diamond_stairs, layout_stronghold, erik_lair_island,
          orc_0_dummy
D:10:     layout_cave_pools, minitemple, serial_gnoll_camp,
          gnoll_camp_medium_01, gnoll_camp_mini_shop, gnoll_camp_mini_basic,
          gnoll_camp_medium_02, gnoll_camp_mini_loothouse, uniq_fannar
D:11:     erik_rubicon_a, layout_cave_pools
D:12:     layout_rooms, serial_shops, bzr_entry_safe
Temple:   regret_index_temple_generic_petals

Skill      XL: |  1  2  3  4  5  6  7  8  9 10 11 12 |
---------------+-------------------------------------+-----
Fighting       | 4 5 6 7 8 9 11 | 11.5
Axes           | 3 4 5 6 7 8 10 11 12 13 | 13.4
Dodging        | 1 2 4 5 6 |  6.0
Armour         | 4 5 6 7 8 9 10 | 10.2
Shields        | 4 5 |  5.9
Evocations     | 2 4 6 7 |  7.7
Stealth        | 1 2 3 |  3.1
Throwing       | 1 |  1.3

Action                   |  1- 3 |  4- 6 |  7- 9 | 10-12 || total
-------------------------+-------+-------+-------+-------++-------
Melee: War axe           |   114 |   166 |       |       ||   280
       Hand axe          |       |     9 |   343 |   464 ||   816
       Short sword       |       |       |       |     6 ||     6
Throw: Boomerang         |       |       |       |    10 ||    10
       Javelin           |       |       |       |     3 ||     3
       Throwing net      |       |       |       |     2 ||     2
Evoke: Wand              |       |       |     1 |    11 ||    12
  Use: Scroll            |       |    10 |     3 |    20 ||    33
       Potion            |       |     1 |    11 |     3 ||    15
 Stab: Paralysed         |       |       |     2 |    10 ||    12
       Distracted        |       |       |       |     2 ||     2
       Fleeing           |       |       |       |     1 ||     1
Armor: Scale mail        |    61 |    31 |       |       ||    92
       Chain mail        |       |    67 |   178 |   205 ||   450
       Plate armour      |       |       |       |     7 ||     7
Dodge: Dodged            |    66 |    77 |   135 |   157 ||   435
Block: Buckler           |    32 |    36 |    61 |    97 ||   226
